Map: Vigía EE

Players

MrFercho

  • Race: Zerg Zerg
  • League: Silver
  • Spawn Location: 9:00

tigro

  • Race: Terran Terran
  • League: Bronze
  • Spawn Location: 12:00

TATORREA

  • Race: Protoss Protoss
  • League: Gold
  • Spawn Location: 9:00

DarthChase

  • Race: Zerg Zerg
  • Spawn Location: 6:00

Shmitzshmatz

  • Race: Terran Terran
  • Spawn Location: 5:00

Caseus

  • Race: Protoss Protoss
  • League: Platinum
  • Spawn Location: 5:00

VOD

Have the link to the VOD?

Description

Time

  • Played on: July 3, 2020, 10:27 p.m.
  • Length: 12:25
Show
View Real Time Build Order
Export as new Build Order

MrFercho Zerg 

Build Orders: Hatch First 

Get SALT Encoding   

  12  0:01  Drone  
  13  0:13  Overlord  
  13  0:18  Drone  
  14  0:31  Drone x2  
  16  0:55  Drone  
  16  0:56  Hatchery  
  16  1:11  Spawning Pool  
  16  1:12  Drone  
  16  1:18  Drone  
  16  1:20  Drone  
  16  1:24  Drone  
  19  1:38  Extractor  
  18  1:40  Drone  
  18  1:45  Drone  
  20  1:59  Queen  
  20  2:00  Overlord  
  22  2:13  Queen  
  22  2:15  Drone x2  
  26  2:20  Drone x2  
  28  2:29  Roach Warren, Drone  
  28  2:30  Drone  
  29  2:38  Lair  
  29  2:44  Drone x2  
  31  2:54  Queen  
  31  2:55  Drone  
  34  2:59  Overlord  
  34  3:05  Drone x2  
  36  3:24  Drone x6  
  36  3:25  Drone  
  43  3:27  Evolution Chamber  
  42  3:42  Overlord x2  
  42  3:44  Drone  
  42  3:45  Drone  
  44  3:53  Extractor  
  44  3:54  Extractor  
  44  3:55  Zerg Missile Weapons Level 1  
  42  4:08  Roach x5  
  52  4:12  Roach  
  54  4:19  Roach  
  56  4:38  Overlord x2, Drone x4  
  60  4:39  Overlord  
  60  4:40  Overlord  
  60  4:41  Hatchery  
  59  4:53  Glial Reconstitution  
  59  4:59  Extractor, Drone x3  
  61  5:00  Drone  
  62  5:12  Drone x4  
  66  5:45  Roach x5  
  66  5:46  Roach x2  
  66  6:07  Zerg Missile Weapons Level 2  
  66  6:10  Roach x8  
  82  6:28  Roach x7  
  94  6:42  Queen  
  94  6:45  Ravager  
  97  6:54  Spine Crawler  
  97  6:56  Spine Crawler x2  
  97  6:58  Roach x2  
  97  6:59  Overlord x2  
  97  7:00  Overlord x3  
  98  7:01  Overlord x2  
  71  7:36  Queen  
  70  7:40  Roach x14  
  91  8:29  Drone x9  
  100  9:00  Queen  
  102  9:03  Drone x2  
  102  9:04  Drone x9  
  104  9:18  Extractor  
  100  9:34  Hydralisk Den  
  95  9:44  Spine Crawler  
  78  9:46  Spine Crawler  
  78  9:47  Spine Crawler x2  
  78  9:48  Spine Crawler  
  78  9:52  Spine Crawler  
  35  10:17  Hydralisk x8  
  35  10:18  Hydralisk x2  
  55  10:25  Hydralisk  
  55  10:26  Hydralisk  
  52  10:47  Spore Crawler  
  50  10:50  Overseer  
  50  10:58  Drone x4  
  50  10:59  Drone x2  
  52  11:09  Hydralisk  
  51  11:20  Drone  
  52  11:45  Overseer  
  51  12:03  Overseer  
  51  12:07  Spore Crawler  
  50  12:09  Spore Crawler  
Show
View Real Time Build Order
Export as new Build Order

tigro Terran 

Build Orders:  

Get SALT Encoding   

  12  0:03  SCV  
  13  0:15  SCV  
  14  0:24  Supply Depot  
  14  0:27  SCV  
  15  0:35  Refinery  
  15  0:46  SCV  
  15  0:48  Barracks  
  16  0:58  SCV  
  17  1:05  Refinery  
  17  1:10  SCV  
  18  1:22  SCV  
  18  1:24  Supply Depot  
  19  1:34  SCV  
  19  1:38  Marine  
  21  1:46  SCV  
  22  1:55  Marine  
  22  1:59  Barracks  
  23  2:07  SCV  
  24  2:13  Marine  
  25  2:19  SCV  
  26  2:31  Marine  
  27  2:42  Engineering Bay  
  27  2:46  Orbital Command  
  27  2:48  Factory  
  27  2:49  Marine  
  27  2:50  Barracks Reactor  
  28  3:08  Barracks Tech Lab  
  28  3:10  Terran Infantry Armor Level 1  
  28  3:33  Factory Tech Lab  
  28  3:43  Combat Shield  
  28  3:46  Starport  
  28  3:49  Marine x3  
  31  4:07  Marine x3  
  34  4:24  Starport  
  34  4:25  Marine  
  35  4:34  Medivac, Command Center  
  37  5:02  Stimpack  
  37  5:03  Armory  
  37  5:04  Terran Infantry Weapons Level 1  
  37  5:11  Starport Tech Lab x2  
  36  5:34  Marine x3  
  25  5:51  Marine  
  25  5:52  Marine x2  
  25  5:53  Fusion Core  
  25  5:55  Medivac  
  24  6:09  Marine x3  
  14  6:22  SCV  
  10  6:27  Marine x3  
  10  6:28  Orbital Command  
  7  6:45  Marine x3  
  8  7:03  Marine  
Show
View Real Time Build Order
Export as new Build Order

TATORREA Protoss 

Build Orders:  

Get SALT Encoding   

  12  0:03  Probe  
  13  0:15  Probe  
  14  0:23  Pylon  
  14  0:27  Probe  
  15  0:41  Probe  
  15  0:42  Gateway  
  16  0:53  Probe  
  17  0:57  Assimilator  
  17  1:03  Probe  
  17  1:06  Pylon  
  18  1:11  Probe  
  19  1:19  Probe  
  19  1:22  Assimilator  
  20  1:31  Probe, Cybernetics Core  
  21  1:43  Probe  
  22  1:55  Probe  
  22  2:00  Nexus  
  23  2:08  Pylon, Probe  
  24  2:19  Warp Gate  
  24  2:20  Probe  
  25  2:25  Stalker  
  27  2:33  Probe  
  28  2:45  Probe  
  28  2:49  Robotics Facility  
  29  2:51  Gateway  
  30  2:58  Probe  
  30  2:59  Pylon  
  30  3:03  Sentry  
  32  3:14  Probe  
  32  3:15  Probe  
  34  3:25  Gateway  
  34  3:27  Gateway  
  34  3:28  Probe  
  34  3:30  Probe  
  36  3:37  Sentry  
  36  3:40  Probe  
  39  3:43  Probe  
  40  4:07  Nexus  
  40  4:09  Pylon, Probe  
  41  4:11  Probe  
  42  4:19  Pylon  
  42  4:22  Probe  
  42  4:23  Probe  
  44  4:26  Assimilator  
  44  4:27  Observer  
  44  4:28  Assimilator  
  45  4:35  Probe x2  
  47  4:47  Probe x2  
  47  4:48  Immortal  
  53  4:57  Stalker x3  
  53  4:59  Probe x2  
  61  5:00  Stalker  
  63  5:11  Probe x2  
  65  5:19  Forge  
  65  5:20  Forge  
  65  5:21  Forge  
  65  5:24  Probe x2  
  65  5:26  Probe  
  68  5:40  Stalker  
  68  5:41  Stalker x2  
  67  6:00  Stalker  
  44  6:12  Stalker x2  
  44  6:13  Stalker  
  44  6:18  Probe x3  
  42  6:25  Stalker  
  46  6:32  Probe  
  47  6:33  Probe x2  
  47  6:37  Stalker  
  47  6:38  Stalker x2  
  55  6:46  Probe x2  
  54  6:53  Stalker  
  54  6:58  Probe  
  54  6:59  Probe  
  42  7:06  Probe  
  42  7:07  Probe  
  33  7:12  Stalker  
  32  7:30  Probe x2  
  34  7:42  Probe  
  36  7:54  Probe  
  36  8:13  Probe  
  37  8:21  Probe  
  38  8:30  Probe  
  39  8:35  Nexus  
  39  9:16  Pylon  
  39  9:20  Probe  
  36  9:24  Pylon  
  36  9:27  Pylon  
  36  9:32  Probe  
  36  9:33  Pylon  
  37  9:44  Probe  
  30  9:56  Probe  
  23  10:02  Stalker  
  23  10:03  Stalker x2  
  25  10:30  Probe  
  25  10:34  Probe  
  27  10:40  Pylon  
  27  10:42  Probe  
  28  10:45  Stalker x3  
  28  10:46  Probe  
  28  10:48  Observer  
  35  10:54  Probe  
  37  11:08  Probe x2  
  37  11:11  Stalker  
  35  11:33  Stalker x2  
  35  11:34  Stalker  
  33  11:53  Stalker  
  35  12:01  Stalker x3  
  37  12:03  Probe x2  
  43  12:14  Twilight Council  
Show
View Real Time Build Order
Export as new Build Order

DarthChase Zerg 

Build Orders: Hatch First, Zergling Baneling 

Get SALT Encoding   

  12  0:01  Drone  
  13  0:09  Drone  
  14  0:18  Overlord  
  14  0:39  Drone x3  
  17  0:57  Hatchery  
  17  1:03  Drone  
  17  1:04  Drone  
  18  1:20  Spawning Pool  
  18  1:22  Drone  
  18  1:29  Extractor, Drone  
  18  1:34  Drone  
  19  1:45  Drone  
  20  1:56  Drone  
  21  2:05  Drone  
  22  2:08  Queen  
  22  2:11  Overlord  
  24  2:16  Queen  
  26  2:26  Drone x2  
  28  2:32  Drone  
  29  2:38  Extractor  
  29  2:43  Baneling Nest  
  27  2:52  Overlord x2  
  27  2:55  Zergling x4  
  27  2:56  Zergling x2  
  31  3:05  Drone  
  31  3:09  Drone  
  32  3:16  Drone  
  33  3:22  Zergling x2  
  34  3:31  Zergling x8  
  38  3:34  Lair  
  38  3:39  Evolution Chamber  
  37  3:42  Drone, Evolution Chamber  
  37  3:43  Zergling x4, Drone  
  40  3:51  Zergling x4  
  42  4:08  Zergling x2  
  42  4:09  Zergling x8  
  47  4:22  Baneling x6  
  47  4:23  Baneling x6  
  47  4:24  Baneling  
  47  4:25  Baneling  
  47  4:31  Zergling x4  
  49  4:33  Zergling x2  
  49  4:36  Zergling x2  
  51  4:39  Zergling x2  
  51  4:44  Metabolic Boost  
  52  5:13  Overlord x2  
  52  5:14  Overlord x2  
  43  5:52  Zergling x4  
  43  5:53  Zergling x16  
  43  5:54  Zergling x4  
  49  6:16  Zergling x4  
  49  6:17  Zergling x4  
  52  6:41  Drone x4  
  55  6:51  Hatchery  
  55  6:52  Zerg Ground Armor Level 1  
  55  6:53  Zerg Melee Weapons Level 1  
  55  6:54  Spire  
  51  7:29  Zergling x2, Overlord x2, Drone x2  
  55  7:30  Drone x3  
  48  7:39  Extractor  
  48  7:41  Extractor  
  42  8:03  Pneumatized Carapace  
  42  8:06  Queen  
  42  8:09  Drone x6  
  42  8:10  Drone x5  
  55  8:14  Zerg Flyer Armor Level 1  
  55  8:24  Infestation Pit  
  54  8:31  Extractor  
  53  8:37  Drone x4  
  53  8:38  Drone x4  
  61  8:45  Extractor  
  61  8:46  Mutalisk x2  
  60  8:50  Mutalisk  
  60  8:54  Mutalisk  
  64  8:56  Mutalisk  
  64  9:00  Mutalisk  
  68  9:03  Mutalisk  
  68  9:06  Mutalisk  
  68  9:09  Mutalisk  
  73  9:38  Mutalisk x3  
  77  10:03  Mutalisk x3  
  81  10:13  Zergling x2  
  81  10:14  Zergling x14  
  85  10:15  Zergling x12  
  95  10:28  Drone  
  96  10:33  Drone x4  
  96  10:34  Drone x4  
  104  10:41  Drone  
  93  11:17  Mutalisk x6  
  105  11:31  Overlord x4  
  105  11:34  Overlord  
  105  11:35  Overlord x3  
  105  11:51  Mutalisk x4  
  105  11:52  Mutalisk x6  
Show
View Real Time Build Order
Export as new Build Order

Shmitzshmatz Terran 

Build Orders:  

Get SALT Encoding   

  12  0:12  Supply Depot  
  12  0:36  Barracks  
  12  0:49  Barracks, SCV  
  13  1:01  SCV  
  14  1:13  SCV  
  15  1:25  SCV  
  16  1:33  Refinery  
  16  1:37  SCV  
  17  1:53  Marine  
  18  1:56  Marine  
  19  2:06  SCV  
  20  2:18  SCV  
  21  2:28  Barracks Tech Lab  
  21  2:30  SCV  
  21  2:35  Barracks  
  22  2:38  Command Center  
  22  2:43  Supply Depot  
  22  2:50  Barracks Tech Lab  
  22  2:58  Stimpack  
  22  3:02  Marine  
  23  3:13  Supply Depot  
  23  3:18  SCV  
  24  3:20  Marine  
  25  3:30  SCV  
  25  3:33  Marine x2  
  28  3:38  Marine  
  29  3:42  Supply Depot, SCV  
  30  3:54  Engineering Bay, SCV  
  31  3:56  Marine  
  32  4:05  Supply Depot  
  32  4:24  Barracks Reactor  
  32  4:25  Marine x2  
  32  4:28  SCV  
  35  4:40  Terran Infantry Weapons Level 1  
  35  4:43  Marine x2  
  37  5:00  Marine x2  
  37  5:06  Combat Shield  
  39  5:08  Marine x2  
  41  5:18  Marine x2, Refinery  
  34  5:59  Marine x4  
  34  6:04  SCV  
  38  6:16  Marine x2, SCV x2  
  38  6:17  Marine x2  
  44  6:18  Command Center  
  44  6:26  Factory  
  44  6:28  SCV  
  45  6:34  Terran Infantry Armor Level 1, Marine x3  
  45  6:35  Marine  
  49  6:40  SCV  
  50  6:52  Marine x4, SCV  
  55  7:10  Marine x4  
  58  7:28  Marine x4  
  51  7:45  Marine  
  51  7:46  Marine x3  
  55  8:03  Marine x2  
  55  8:04  Marine x2  
  59  8:16  SCV  
  60  8:21  Marine x4  
  64  8:28  SCV  
  64  8:30  Armory  
  64  8:31  SCV  
  66  8:36  Command Center  
  66  8:39  Marine x4  
  66  8:40  SCV  
  71  8:43  SCV  
  68  8:52  SCV  
  66  8:55  SCV  
  66  8:57  Marine x4  
  69  9:04  SCV  
  69  9:07  SCV  
  59  9:14  Marine  
  59  9:15  Marine x3  
  40  9:35  Marine x4  
  33  9:53  Marine x4  
  34  10:02  Terran Infantry Weapons Level 2  
  35  10:07  SCV  
  35  10:11  Marine x4  
  35  10:13  Orbital Command  
  39  10:14  Orbital Command  
  39  10:19  SCV  
  40  10:27  Supply Depot  
  40  10:29  Marine x4  
  40  10:31  SCV  
  40  10:32  Supply Depot  
  40  10:34  Supply Depot  
  40  10:35  Supply Depot  
  45  10:43  SCV  
  45  10:46  Marine x2  
  45  10:47  Marine x2  
  50  10:51  Supply Depot  
  50  10:55  SCV  
  50  10:56  SCV  
  52  11:04  Marine x4  
  52  11:07  SCV  
  52  11:08  SCV  
  58  11:19  SCV  
  58  11:20  SCV  
  58  11:21  Supply Depot  
  58  11:22  Marine x4  
  64  11:31  SCV  
  65  11:33  SCV  
  66  11:40  Marine x4  
  66  11:43  SCV  
  71  11:56  SCV  
  71  11:58  Marine x4  
  76  12:08  SCV  
Show
View Real Time Build Order
Export as new Build Order

Caseus Protoss 

Build Orders: 1 Gate Expand 

Get SALT Encoding   

  12  0:02  Probe  
  14  0:14  Probe  
  14  0:19  Pylon  
  14  0:25  Probe  
  15  0:33  Probe  
  15  0:41  Probe  
  16  0:43  Gateway  
  16  0:48  Assimilator  
  17  0:52  Probe  
  18  1:04  Probe  
  19  1:16  Probe  
  20  1:27  Nexus  
  20  1:29  Probe  
  21  1:38  Cybernetics Core  
  21  1:42  Assimilator  
  21  1:44  Probe  
  22  1:51  Pylon  
  22  1:56  Probe  
  23  2:09  Probe  
  24  2:21  Robotics Facility, Probe  
  25  2:23  Gateway  
  25  2:31  Probe  
  25  2:36  Pylon, Probe  
  26  2:39  Probe  
  28  2:44  Probe  
  28  2:47  Probe  
  28  2:50  Warp Gate  
  29  2:52  Twilight Council  
  29  2:55  Probe  
  31  3:00  Probe  
  32  3:07  Probe  
  32  3:10  Charge  
  32  3:12  Probe  
  34  3:19  Probe  
  36  3:20  Observer  
  36  3:24  Probe  
  37  3:31  Probe  
  38  3:36  Zealot x2  
  38  3:37  Probe  
  43  3:43  Probe  
  44  3:54  Assimilator  
  44  3:55  Probe  
  45  3:56  Probe  
  45  3:57  Warp Prism  
  48  4:07  Probe  
  49  4:15  Gateway x2  
  49  4:19  Gateway  
  49  4:22  Gateway  
  49  4:23  Pylon  
  49  4:24  Pylon  
  49  4:25  Pylon  
  49  4:37  Forge  
  49  4:39  Zealot x2  
  53  4:48  Probe  
  53  4:49  Probe  
  53  4:51  Observer  
  56  5:01  Probe  
  56  5:02  Assimilator  
  56  5:04  Pylon  
  57  5:08  Pylon  
  57  5:24  Zealot x2  
  57  5:25  Zealot x4  
  67  5:45  Zealot x3  
  67  5:46  Zealot x3  
  73  5:59  Probe x2  
  73  6:03  Pylon  
  73  6:09  Zealot x5  
  73  6:10  Zealot  
  77  6:21  Nexus  
  77  6:22  Pylon  
  77  6:24  Pylon  
  75  6:27  Assimilator  
  75  6:30  Assimilator  
  65  6:44  Zealot x2  
  65  6:45  Zealot  
  65  6:48  Zealot x2  
  67  7:00  Probe x2  
  69  7:04  Gateway  
  69  7:08  Gateway, Stargate  
  69  7:10  Stargate  
  69  7:12  Probe x2  
  65  7:24  Probe x2  
  65  7:28  Protoss Shields Level 1  
  65  7:34  Pylon  
  65  7:36  Probe x2  
  67  7:48  Probe x2  
  67  7:50  Probe  
  70  7:53  Zealot x6  
  80  8:00  Probe  
  80  8:01  Probe  
  80  8:02  Probe  
  65  8:13  Probe  
  65  8:16  Dark Shrine  
  65  8:18  Fleet Beacon  
  66  8:21  Stargate  
  66  8:31  Probe  
  66  8:32  Probe  
  68  8:45  Zealot  
  68  8:46  Zealot x6  
  68  8:47  Zealot  
  78  8:49  Void Ray  
  78  8:53  Void Ray  
  76  9:13  Zealot  
  76  9:14  Zealot x2  
  82  9:25  Void Ray  
  82  9:31  Dark Templar  
  82  9:32  Dark Templar x2  
  84  9:59  Dark Templar  
  86  10:00  Dark Templar  
  88  10:08  Void Ray  
  88  10:12  Gateway x2  
  92  10:15  Gateway  
  92  10:18  Gateway  
  92  10:19  Gateway  
  90  10:30  Dark Templar  
  88  10:41  Carrier  
  88  10:46  Probe x3  
  97  10:57  Pylon  
  97  11:02  Pylon x2  
  97  11:03  Pylon x2  
  97  11:13  Carrier  
  101  11:20  Dark Templar x3  
  101  11:21  Dark Templar x3  
  105  11:50  Probe x2  
  105  11:51  Probe  
  110  12:00  Cybernetics Core  
  110  12:02  Probe  
Tags
 
Add a new tag
Caveats
  • Supply blocks, unpowered buildings, or Contaminate may cause inaccurate times.
  • Supply counts are checked every 10 seconds.